 Dungeon Crawl Stone Soup version 0.22.1-1-ga44c0e56f4 (webtiles) character file.

128615 Knicklaso the Severer (level 16, -1/231 HPs)
             Began as a Minotaur Berserker on Oct 7, 2018.
             Was the Champion of Trog.
             Slain by the 26-headed Lernaean hydra (6 damage)
             ... on level 4 of the Swamp.
             The game lasted 01:38:59 (30130 turns).

Knicklaso the Severer (Minotaur Berserker)         Turns: 30130, Time: 01:39:01

Health: -1/231     AC: 20    Str: 29    XL:     16   Next: 48%
Magic:  22/22      EV: 18    Int:  6    God:    Trog [******]
Gold:   1556       SH:  2    Dex: 16    Spells: 15/15 levels left

rFire    . . .     SeeInvis +   Q - +9 battleaxe of the Demagogue {chop, +Inv}
rCold    + + .     Gourm    .   (shield currently unavailable)
rNeg     + . .     Faith    .   f - +4 chain mail of the Barnacle {rPois Int-2 Dex+3}
rPois    +         Spirit   .   (helmet restricted)
rElec    .         Reflect  +   Z - +0 cloak of the Sturgeon {*Corrode rC++ rN+ Slay+5}
rCorr    +         Harm     .   (no gloves)
MR       +....                  r - +0 pair of boots
Stlth    ..........             I - +2 amulet of reflection
HPRegen  0.48/turn              h - ring of see invisible
MPRegen  0.18/turn              y - ring of resist corrosion

@: berserking, about to teleport, flying, very slightly contaminated, hasted,
very quick
A: retaliatory headbutt, horns 2, clever 1, poison resistance
a: Berserk, Trog's Hand, Brothers in Arms, Renounce Religion, Evoke Invisibility


You were on level 4 of the Swamp.
You worshipped Trog.
Trog was exalted by your worship.
You were very hungry.

You visited 4 branches of the dungeon, and saw 27 of its levels.
You also visited: Ossuary and Ice Cave.

You collected 2645 gold pieces.
You spent 1089 gold pieces at shops.

Inventory:

Hand Weapons
 M - the +8 mithril axe "Arga" {speed, MR+}
   (You found it in an ice cave)

   Attacks with this weapon are significantly faster.
   It affects your resistance to hostile enchantments.
 Q - the +9 battleaxe of the Demagogue (weapon) {chop, +Inv}
   (You bought it in a shop on level 2 of the Orcish Mines)

   It inflicts extra damage upon your enemies.
   It lets you turn invisible.
 V - the +6 great mace of Abomination {holy, +Blink rF++ Dex-2 SInv}
   (You took it off a two-headed ogre on level 2 of the Orcish Mines)

   It has been blessed by the Shining One to cause great damage to the undead
   and demons.
   It affects your dexterity (-2).
   It greatly protects you from fire.
   It lets you see invisible.
   It lets you blink.
Armour
 f - the +4 chain mail of the Barnacle (worn) {rPois Int-2 Dex+3}
   (You took it off an orc warrior on level 10 of the Dungeon)

   It affects your intelligence (-2).
   It affects your dexterity (+3).
   It protects you from poison.
 r - a +0 pair of boots (worn)
 T - the +7 plate armour "Yredwyu" {SInv}
   (You bought it in a shop on level 2 of the Orcish Mines)

   It lets you see invisible.
 Z - the +0 cloak of the Sturgeon (worn) {*Corrode rC++ rN+ Slay+5}
   (You found it on level 10 of the Dungeon)

   It affects your accuracy and damage with ranged weapons and melee attacks
   (+5).
   It greatly protects you from cold.
   It protects you from negative energy.
   It may corrode you when you take damage.
Jewellery
 h - a ring of see invisible (left hand)
 w - an uncursed ring of protection from cold
 y - a ring of resist corrosion (right hand)
 I - a +2 amulet of reflection (around neck)
 N - an uncursed ring of protection from fire
Wands
 m - a wand of iceblast (12)
 G - a wand of acid (4)
 W - a wand of scattershot (6)
Scrolls
 a - a scroll of brand weapon {unknown}
 n - 12 scrolls of remove curse
 o - a scroll of vulnerability {unknown}
 p - 4 scrolls of magic mapping
 q - 3 scrolls of silence {unknown}
 t - 3 scrolls of enchant weapon
 v - 11 scrolls of teleportation
 z - 5 scrolls of identify
 B - 3 scrolls of noise {unknown}
 H - a scroll of summoning
 J - a scroll of fog
 L - 2 scrolls of acquirement
 S - 2 scrolls of holy word {unknown}
 U - 2 scrolls of enchant armour
 X - 2 scrolls of fear
 Y - a scroll of torment {unknown}
Potions
 b - 6 potions of haste
 d - 5 potions of brilliance {unknown}
 e - 3 potions of resistance {unknown}
 g - 7 potions of cancellation
 i - 4 potions of berserk rage
 k - 2 potions of ambrosia {unknown}
 l - a potion of experience {unknown}
 s - 5 potions of might
 x - 2 potions of lignification {unknown}
 A - 4 potions of magic
 C - 2 potions of invisibility
 E - 4 potions of curing {unknown}
 F - 2 potions of flight
 O - 7 potions of heal wounds
 P - 2 potions of degeneration {unknown}
 R - 5 potions of agility {unknown}
Comestibles
 c - 38 rations


   Skills:
 + Level 16.9 Fighting
 - Level 18.0 Axes
 + Level 13.4 Armour
 + Level 14.0 Dodging
   Level 7.3 Shields
 - Level 10.6 Evocations


You had 15 spell levels left.
You didn't know any spells.
Your spell library was empty.

Dungeon Overview and Level Annotations

Branches:
Dungeon (15/15)            Temple (0/1) D:5            Lair (6/6) D:10
  Swamp (4/4) Lair:3        Snake (0/4) Lair:2        Slime (0/5) Lair:5
    Orc (2/2) D:9             Elf (0/3) Orc:2        Vaults (0/5) D:14
 Depths (0/5) D:15

Altars:
Ashenzari
Gozag
Nemelex Xobeh
Yredelemnul
Beogh
Jiyva

Shops:
D:12 (   D:15 *   Orc:2 (:([

Annotations:
Swamp:4 Lernaean hydra


Innate Abilities, Weirdness & Mutations

You reflexively headbutt those who attack you in melee.
You have a pair of horns on your head.
Your mind is acute. (Int +2)
Your system is resistant to poisons. (rPois)


Message History

* * * LOW HITPOINT WARNING * * *
The 26-headed Lernaean hydra bites you but does no damage.
The 26-headed Lernaean hydra bites you.
* * * LOW HITPOINT WARNING * * *
The 26-headed Lernaean hydra closely misses you.
The 26-headed Lernaean hydra bites you!
* * * LOW HITPOINT WARNING * * *
The 26-headed Lernaean hydra bites you but does no damage.
The 26-headed Lernaean hydra bites you.
* * * LOW HITPOINT WARNING * * *
The 26-headed Lernaean hydra barely misses you.
The 26-headed Lernaean hydra closely misses you.
The 26-headed Lernaean hydra bites you but does no damage. x4
The 26-headed Lernaean hydra misses you.
The 26-headed Lernaean hydra bites you but does no damage. x2
The 26-headed Lernaean hydra closely misses you.
The 26-headed Lernaean hydra bites you!
* * * LOW HITPOINT WARNING * * *
The 26-headed Lernaean hydra bites you.
You die...

♣≈≈♣♣♣♣ ♣≈.♣♣ ♣♣♣♣♣♣♣ .≈≈≈≈.♣♣♣♣♣
♣≈≈.♣♣ ♣≈.♣..♣ ≈≈≈≈≈≈≈♣.≈♣♣
♣≈≈≈≈♣♣♣.≈≈§.♣♣♣♣ ♣.≈≈≈..≈..♣♣
♣♣..≈≈.≈..≈≈≈....♣
♣♣♣♣.≈≈≈≈≈.≈♣♣♣...♣...≈≈≈.≈≈≈≈≈♣
.♣♣♣.≈≈≈≈≈≈.♣♣≈≈≈.≈≈§≈≈≈≈.≈♣≈≈≈♣
.≈♣♣.≈≈≈≈≈≈≈.♣≈≈≈≈.<.≈≈≈≈≈.≈♣♣♣♣
§♣♣♣♣.≈≈≈≈≈≈≈≈♣.≈≈§≈≈≈≈≈≈..^♣♣♣♣
♣♣♣..≈≈≈≈≈≈≈≈≈†D@≈≈≈≈≈≈≈≈≈<≈...♣♣
≈.≈§≈≈≈≈≈≈≈≈≈≈≈≈≈♣..≈≈≈≈≈≈.♣≈≈≈.♣
§...≈≈≈≈≈≈≈≈....≈♣♣...≈≈≈≈.♣♣≈≈≈♣
♣♣♣♣♣.≈≈≈≈...♣♣♣♣♣♣....≈♣♣♣♣♣♣§♣♣
♣ ♣.≈≈≈≈≈.♣♣ ♣≈.≈≈≈..≈♣♣ ♣♣♣ ♣
♣.≈≈≈≈≈≈♣ ♣♣.≈≈≈≈..≈♣♣♣♣♣♣ #
♣....≈.♣♣ ♣.≈§≈≈≈..≈♣≈.≈♣
♣♣♣♣♣♣♣♣ ♣♣.§≈≈≈≈...≈≈≈♣♣
♣♣.≈≈≈≈.≈≈≈≈≈≈♣


You could see the 26-headed Lernaean hydra.

Vanquished Creatures
  Rupert (D:13)
  The ghost of Loysam the Warrior, an adept HOBe of Trog (Swamp:3)
  A thorn hunter (Swamp:3)
  The ghost of Edgeworth the Peltast, a journeyman DDFi of Okawaru (Lair:6)
  The ghost of SpeedDemon the Cleaver, a journeyman BaBe of Trog (Orc:2)
  4 ogre magi (Orc:2)
  A vault guard (D:14)
  The ghost of Gunterle the Ducker, a journeyman DgSk (D:12)
  Josephine (D:10)
  A rakshasa (D:13)
  2 ice dragons (D:15)
  11 hydras
  3 catoblepae (Lair:6)
  The ghost of darator the Grappler, a novice TrFi (D:10)
  A centaur warrior (D:15)
  Erica (Lair:1)
  A tengu warrior (D:14)
  23 two-headed ogres
  10 death yaks
  11 alligators
  Nergalle (Lair:3)
  A spriggan druid (Swamp:2)
  A wizard (Swamp:3)
  9 swamp dragons
  2 unseen horrors
  A shambling mangrove (Swamp:3)
  Pikel (D:7)
  11 ugly things
  A necromancer (IceCv)
  A cyclops (shapeshifter) (D:14)
  3 manticores
  4 cyclopes
  Maurice (Orc:1)
  3 black mambas
  3 ice statues (IceCv)
  4 elephants (Lair:5)
  18 spiny frogs
  2 gargoyles (D:12)
  7 rime drakes
  An efreet (D:14)
  6 komodo dragons
  6 ice devils (IceCv)
  8 trolls
  2 polar bears
  A tengu conjurer (D:10)
  4 tyrant leeches
  6 hornets
  7 slime creatures (D:13)
  10 blink frogs
  7 hippogriffs
  Prince Ribbit (D:5)
  13 bog bodies
  Sigmund (D:4)
  3 spriggans (Swamp:2)
  A shadow (Swamp:2)
  45 yaks
  3 wyverns
  2 vampires
  3 hungry ghosts
  4 wraiths
  A basilisk (D:10)
  11 vampire mosquitoes
  2 steam dragons
  2 wargs (Orc:2)
  9 swamp worms
  2 soldier ants
  11 insubstantial wisps
  18 water moccasins
  An acid dragon (D:14)
  9 porcupines
  9 swamp drakes
  17 orc warriors
  4 slaves (D:7)
  9 ice beasts
  5 sky beasts
  3 black bears
  3 necrophages
  4 phantoms
  32 ogres
  13 centaurs
  12 wolves
  9 crocodiles
  A big kobold (D:12)
  5 elf zombies (Ossuary)
  24 bullfrogs
  11 scorpions
  6 killer bees (D:8)
  5 wights (D:15)
  A troll zombie (D:14)
  2 howler monkeys
  6 electric eels
  A bullfrog zombie (D:7)
  5 crimson imps
  4 centaur zombies (Ossuary)
  2 quasits
  10 hounds
  Crazy Yiuf (D:7)
  8 human zombies
  17 orc priests
  4 bullfrog skeletons
  2 centaur skeletons
  8 jellies
  10 orc wizards
  4 iguanas
  10 worker ants
  5 troll simulacra (IceCv)
  3 bullfrog simulacra (D:12)
  6 centaur simulacra
  An ogre zombie (D:14)
  An ogre skeleton (D:14)
  A hound skeleton (D:4)
  4 mummies
  A worker ant zombie (D:10)
  3 gnolls (D:2)
  13 adders
  A naga simulacrum (IceCv)
  2 ogre simulacra (IceCv)
  5 shadow imps
  An ooze (D:1)
  5 worms
  3 dart slugs (D:2)
  6 leopard geckos
  57 orcs
  3 ball pythons (D:2)
  9 bats
  7 giant cockroaches
  7 goblins
  12 hobgoblins
  16 jackals
  12 kobolds
  4 quokkas
  8 frilled lizards
  A kobold zombie (D:6)
  3 orc zombies
  5 rats
  3 briar patches (Swamp:3)
  3 fungi
  2 plants
831 creatures vanquished.

Vanquished Creatures (collateral kills)
  A hydra (Swamp:1)
  A swamp worm (Swamp:1)
2 creatures vanquished.

Vanquished Creatures (others)
  20 fungi
  A plant (D:10)
21 creatures vanquished.

Grand Total: 854 creatures vanquished

Notes
Turn   | Place    | Note
-------+----------+-------------------------------------------
     0 | D:1      | Knicklaso the Minotaur Berserker began the quest for the
                  | Orb.
     0 | D:1      | Reached XP level 1. HP: 19/19 MP: 0/0
    77 | D:1      | Reached skill level 4 in Axes
    88 | D:1      | Reached XP level 2. HP: 16/27 MP: 1/1
   572 | D:1      | Reached XP level 3. HP: 28/33 MP: 2/2
  1094 | D:2      | Reached skill level 5 in Axes
  1094 | D:2      | Reached XP level 4. HP: 39/41 MP: 3/3
  1128 | D:2      | Reached ** piety under Trog
  1539 | D:2      | Reached skill level 6 in Axes
  1554 | D:2      | Reached XP level 5. HP: 47/47 MP: 4/4
  1673 | D:2      | Reached skill level 5 in Fighting
  1917 | D:3      | Noticed a centaur
  1924 | D:3      | Killed a centaur
  2581 | D:3      | Found an opulent altar of Gozag.
  2804 | D:4      | Reached skill level 7 in Axes
  2804 | D:4      | Reached XP level 6. HP: 56/56 MP: 5/5
  2975 | D:4      | Reached *** piety under Trog
  3027 | D:4      | Reached XP level 7. HP: 31/63 MP: 6/6
  3258 | D:4      | Reached skill level 8 in Axes
  3405 | D:4      | Noticed Sigmund
  3467 | D:4      | Killed Sigmund
  3651 | D:5      | Entered Level 5 of the Dungeon
  3763 | D:5      | Reached skill level 9 in Axes
  3854 | D:5      | Found a staircase to the Ecumenical Temple.
  3874 | D:5      | Reached XP level 8. HP: 62/71 MP: 7/7
  4182 | D:5      | Noticed Prince Ribbit
  4275 | D:5      | Killed Prince Ribbit
  4275 | D:5      | Reached skill level 10 in Axes
  4275 | D:5      | Reached skill level 5 in Dodging
  4560 | D:6      | Found a sand-covered staircase.
  4567 | Ossuary  | Entered an ossuary
  4698 | Ossuary  | Reached XP level 9. HP: 56/81 MP: 8/8
  4707 | Ossuary  | Reached skill level 11 in Axes
  4896 | Ossuary  | Reached **** piety under Trog
  5898 | D:6      | Reached skill level 12 in Axes
  6687 | D:7      | Noticed Pikel
  6714 | D:7      | Killed Pikel
  6714 | D:7      | Reached XP level 10. HP: 54/92 MP: 9/9
  6876 | D:7      | Reached skill level 13 in Axes
  7180 | D:7      | Found a runed door.
  7184 | D:7      | Noticed Crazy Yiuf
  7190 | D:7      | Killed Crazy Yiuf
  7339 | D:8      | Reached skill level 10 in Fighting
  7347 | D:8      | Got a bloodstained hand axe
  7348 | D:8      | Identified the +9 hand axe "Wienaqad" {freeze, rPois Int-5
                  | Dex+6 SInv} (You found it on level 8 of the Dungeon)
  7524 | D:8      | Reached skill level 1 in Shields
  7843 | D:8      | Found a shattered altar of Ashenzari.
  8184 | D:9      | Reached ***** piety under Trog
  8368 | D:9      | Found a staircase to the Orcish Mines.
  8377 | D:9      | Found a roughly hewn altar of Beogh.
  8777 | D:9      | Got an ichor-stained war axe
  8842 | D:9      | Reached skill level 14 in Axes
  9233 | D:10     | Entered Level 10 of the Dungeon
  9245 | D:10     | Identified the cursed +1 war axe "Cabbyilai" {drain, rF-
                  | Int+4 Dex+2} (You found it on level 9 of the Dungeon)
  9576 | D:10     | Reached XP level 11. HP: 101/101 MP: 10/10
  9895 | D:10     | Noticed a two-headed ogre
  9908 | D:10     | Killed a two-headed ogre
 10138 | D:10     | Reached skill level 15 in Axes
 10142 | D:10     | Noticed Josephine
 10159 | D:10     | Killed Josephine
 10316 | D:10     | Found a staircase to the Lair.
 10393 | D:10     | Found a runed gate.
 10393 | D:10     | Found a runed gate.
 10395 | D:10     | Found a runed gate.
 10396 | D:10     | Noticed darator's ghost (novice TrFi)
 10768 | D:10     | Killed darator's ghost
 11018 | D:10     | Found a roughly hewn altar of Beogh.
 11034 | D:10     | Got a transparent chain mail
 11059 | D:10     | Got a scorched cloak
 11061 | D:10     | Identified the cursed +0 cloak of the Sturgeon {*Corrode
                  | rC++ rN+ Slay+5} (You found it on level 10 of the Dungeon)
 11218 | D:10     | Identified the +4 chain mail of the Barnacle {rPois Int-2
                  | Dex+3} (You took it off an orc warrior on level 10 of the
                  | Dungeon)
 11231 | Lair:1   | Entered Level 1 of the Lair of Beasts
 11251 | Lair:1   | Reached skill level 16 in Axes
 11256 | Lair:1   | Noticed a seven-headed hydra
 11267 | Lair:1   | Killed a seven-headed hydra
 11737 | Lair:1   | Noticed Erica
 11745 | Lair:1   | Killed Erica
 12034 | Lair:1   | Reached skill level 5 in Armour
 12064 | Lair:1   | Reached XP level 12. HP: 93/113 MP: 11/11
 12588 | Lair:2   | Reached skill level 1 in Evocations
 12902 | Lair:2   | Found a staircase to the Snake Pit.
 13797 | Lair:3   | Reached ****** piety under Trog
 13907 | Lair:3   | Found a staircase to the Swamp.
 14746 | Lair:4   | Noticed a death yak
 14746 | Lair:4   | Noticed a death yak
 14770 | Lair:4   | Noticed Nergalle
 14771 | Lair:4   | Noticed a death yak
 14787 | Lair:3   | Killed a death yak
 14787 | Lair:3   | Reached skill level 10 in Dodging
 15095 | Lair:4   | Noticed a death yak
 15168 | Lair:3   | Killed Nergalle
 15168 | Lair:3   | Reached skill level 5 in Evocations
 15172 | Lair:3   | Killed a death yak
 15185 | Lair:4   | Killed a death yak
 15185 | Lair:4   | Received a gift from Trog
 15436 | Lair:4   | Killed a death yak
 15436 | Lair:4   | Reached XP level 13. HP: 122/122 MP: 5/16
 16028 | Lair:5   | Found a staircase to the Slime Pits.
 16028 | Lair:5   | Found a viscous altar of Jiyva.
 16646 | Lair:6   | Entered Level 6 of the Lair of Beasts
 17589 | Lair:6   | Gained mutation: Your system is resistant to poisons.
                  | (rPois) [potion of mutation]
 17589 | Lair:6   | Gained mutation: Your mind is acute. (Int +2) [potion of
                  | mutation]
 17706 | Lair:6   | Found a large runed door.
 17706 | Lair:6   | Found a large runed door.
 17712 | Lair:6   | Noticed Edgeworth's ghost (journeyman DDFi)
 17730 | Lair:6   | Killed Edgeworth's ghost
 18428 | Lair:6   | Identified 2 scrolls of acquirement
 18429 | Lair:6   | Got a shimmering tin amulet
 18494 | Lair:6   | Received a gift from Trog
 18739 | Lair:6   | Identified the amulet "Jefixeem" {Acrobat rC+ Str-3 Stlth+}
                  | (You acquired it on level 6 of the Lair of Beasts)
 18848 | Lair:6   | Reached XP level 14. HP: 133/133 MP: 6/18
 19144 | D:11     | Reached skill level 17 in Axes
 19159 | D:11     | Found a frozen archway.
 19185 | D:11     | Got a coiled lead ring
 19194 | IceCv    | Entered an ice cave
 19347 | IceCv    | Found the +8 mithril axe "Arga" {speed, MR+}
 19622 | D:11     | Reached skill level 10 in Armour
 20288 | D:12     | Found Eriujor's Antique Weapon Shoppe.
 20501 | D:12     | Found a runed gate.
 20501 | D:12     | Found a runed gate.
 20505 | D:12     | Found a runed gate.
 20553 | D:12     | Noticed Gunterle's ghost (journeyman DgSk)
 20835 | D:12     | Killed Gunterle's ghost
 20840 | D:12     | Got the ring of Wonus {Fire}
 20862 | D:12     | Identified the ring "Dyol" {Ice +Blink rN+ SInv} (You found
                  | it on level 11 of the Dungeon)
 20863 | D:12     | Identified the ring of Wonus {Fire +Blink rN+ MR+ SInv}
                  | (You found it on level 12 of the Dungeon)
 21070 | D:13     | Reached skill level 15 in Fighting
 21076 | D:13     | Received a gift from Trog
 21315 | D:13     | Noticed Rupert
 21333 | D:13     | Killed Rupert
 21592 | D:13     | Reached skill level 18 in Axes
 22245 | D:14     | Found a sparkling altar of Nemelex Xobeh.
 22370 | D:14     | Found a gate to the Vaults.
 22712 | D:14     | Reached XP level 15. HP: 141/141 MP: 20/20
 23122 | D:14     | Found a basalt altar of Yredelemnul.
 23300 | D:15     | Entered Level 15 of the Dungeon
 23409 | D:15     | Received a gift from Trog
 23501 | D:15     | Found Daugaka's Blood Bar.
 23578 | D:15     | Found a staircase to the Depths.
 23899 | Orc:1    | Entered Level 1 of the Orcish Mines
 23909 | Orc:1    | Noticed Maurice
 23923 | Orc:1    | Killed Maurice
 24014 | Orc:2    | Entered Level 2 of the Orcish Mines
 24027 | Orc:2    | Found a staircase to the Elven Halls.
 24355 | Orc:2    | Noticed SpeedDemon's ghost (journeyman BaBe)
 24357 | Orc:2    | Found a transporter.
 24361 | Orc:2    | Found a transporter.
 24451 | Orc:2    | Received a gift from Trog
 24465 | Orc:2    | Found Unogy's Antique Armour Shoppe.
 24465 | Orc:2    | Found Ysum's Weapon Shop.
 24467 | Orc:2    | Found Tiunu Ebunn's Book Shop.
 24467 | Orc:2    | Found Naolor's Antique Weapon Emporium.
 24757 | Orc:2    | Bought an ivory battleaxe for 333 gold pieces
 24759 | Orc:2    | Bought a pitted plate armour for 756 gold pieces
 24967 | Orc:2    | Killed SpeedDemon's ghost
 25151 | Swamp:1  | Entered Level 1 of the Swamp
 25160 | Swamp:1  | Reached skill level 10 in Evocations
 26257 | Swamp:2  | Received a gift from Trog
 26257 | Swamp:2  | Reached skill level 5 in Shields
 26521 | Swamp:2  | Identified the +9 battleaxe of the Demagogue {chop, +Inv}
                  | (You bought it in a shop on level 2 of the Orcish Mines)
 26541 | Swamp:2  | Identified the +7 plate armour "Yredwyu" {SInv} (You bought
                  | it in a shop on level 2 of the Orcish Mines)
 26917 | Swamp:3  | Reached XP level 16. HP: 132/152 MP: 22/22
 27497 | Swamp:3  | Found a runed gate.
 27498 | Swamp:3  | Found a runed gate.
 27499 | Swamp:3  | Found a runed gate.
 27501 | Swamp:3  | Noticed Loysam's ghost (adept HOBe)
 27546 | Swamp:3  | Killed Loysam's ghost
 27938 | Swamp:4  | Entered Level 4 of the Swamp
 28340 | Swamp:4  | Noticed a thorn hunter
 28624 | Swamp:3  | Killed a thorn hunter
 29063 | Orc:2    | Got a translucent great mace {holy}
 29096 | Orc:2    | Identified the +6 great mace of Abomination {holy, +Blink
                  | rF++ Dex-2 SInv} (You took it off a two-headed ogre on
                  | level 2 of the Orcish Mines)
 29877 | Swamp:4  | Noticed the 27-headed Lernaean hydra
 30130 | Swamp:4  | HP: 5/231 [the 26-headed Lernaean hydra (11)]
 30130 | Swamp:4  | Slain by the 26-headed Lernaean hydra

Skill      XL: |  1  2  3  4  5  6  7  8  9 10 11 12 13 14 15 16 |
---------------+-------------------------------------------------+-----
Axes           | 4 5 6 7 9 10 12 14 16 18 | 18.0
Fighting       | 4 5 6 8 9 10 12 13 14 15 16 | 16.9
Dodging        | 3 4 5 7 8 10 11 12 13 14 | 14.0
Armour         | 3 5 7 9 11 12 13 | 13.4
Shields        | 4 5 7 |  7.3
Evocations     | 5 7 8 10 | 10.6

Action                   |  1- 3 |  4- 6 |  7- 9 | 10-12 | 13-15 | 16-18 || total
-------------------------+-------+-------+-------+-------+-------+-------++-------
Melee: Hand axe          |    58 |   136 |   370 |       |       |       ||   564
       Headbutt          |     9 |    24 |    93 |   140 |   281 |    41 ||   588
       Whip              |       |       |       |   647 |     7 |       ||   654
       Battleaxe         |       |       |       |    12 |   361 |    28 ||   401
       Broad axe         |       |       |       |       |   644 |   143 ||   787
       Great mace        |       |       |       |       |       |    12 ||    12
Invok: Berserk           |       |       |     7 |     8 |     5 |     4 ||    24
       Trog's Hand       |       |       |     3 |     6 |     6 |     2 ||    17
Evoke: Wand              |       |       |       |       |     4 |    10 ||    14
       Phantom mirror    |       |       |       |       |     1 |       ||     1
  Use: Scroll            |       |       |     6 |    16 |    12 |     6 ||    40
       Potion            |       |       |       |     1 |     1 |     7 ||     9
 Stab: Sleeping          |     2 |       |       |       |       |       ||     2
       Petrified         |       |       |       |       |     3 |       ||     3
       Distracted        |       |       |       |       |     1 |       ||     1
  Eat: Chunk             |       |     7 |    13 |    37 |    34 |     6 ||    97
       Ration            |       |       |     2 |       |     4 |     2 ||     8
Armor: Animal skin       |    12 |       |       |       |       |       ||    12
       Chain mail        |     2 |     4 |       |    65 |   311 |   167 ||   549
       Acid dragon scale |       |    39 |    77 |    49 |       |       ||   165
Dodge: Dodged            |    39 |    82 |   173 |   253 |   525 |   211 ||  1283
Block: Other             |       |       |       |     4 |    31 |    14 ||    49
       Buckler           |       |       |       |    90 |       |       ||    90
       Reflection        |       |       |       |     2 |     2 |       ||     4
